Map: Frozen Temple

Players

TaeJa

  • Race: Terran Terran
  • League: Master

Zeal - Winner!

  • Race: Protoss Protoss
  • League: Grandmaster

Event: Clash of the Clanless

VOD

Have the link to the VOD?

Description

Time

  • Played on: Aug. 20, 2016, 12:56 p.m.
  • Length: 5:39
Show
View Real Time Build Order
Export as new Build Order

TaeJa Terran 

Build Orders: Reaper Expand 

Get SALT Encoding   

  12  0:00  SCV  
  13  0:12  SCV  
  14  0:17  Supply Depot  
  14  0:25  SCV  
  15  0:39  SCV  
  15  0:40  Barracks  
  16  0:43  Refinery  
  16  0:51  SCV  
  17  1:03  SCV  
  18  1:15  SCV  
  19  1:28  Reaper, Orbital Command  
  20  1:41  Command Center  
  20  1:54  Barracks  
  20  1:56  SCV  
  21  2:05  Barracks Reactor  
  21  2:08  SCV  
  22  2:13  Supply Depot  
  22  2:20  SCV  
  22  2:21  Factory  
  23  2:33  Barracks  
  23  2:35  SCV  
  24  2:42  Marine x2  
  24  2:44  Barracks Tech Lab  
  26  2:47  SCV  
  27  2:54  Orbital Command  
  27  2:59  SCV  
  27  3:02  Marine x2  
  29  3:08  Stimpack  
  29  3:11  SCV, Marine  
  31  3:17  Refinery  
  31  3:20  Marine  
  31  3:26  Barracks Tech Lab, Marine  
  33  3:27  SCV  
  33  3:28  SCV  
  35  3:35  Marauder  
  35  3:39  SCV  
  38  3:42  SCV  
  38  3:44  Marine  
  38  3:48  Supply Depot  
  40  3:49  Supply Depot  
  40  3:52  SCV, Marine  
  40  3:53  Marauder  
  45  3:59  Marauder  
  45  4:01  Supply Depot  
  46  4:09  Widow Mine, Marine  
  50  4:10  SCV  
  50  4:11  SCV  
  50  4:14  Marauder  
  50  4:15  Concussive Shells  
  53  4:21  Marauder  
  53  4:22  SCV, Marine  
  53  4:23  SCV  
  58  4:28  Marine  
  59  4:32  Supply Depot  
  59  4:34  SCV  
  59  4:36  Marauder  
  62  4:39  Marine  
  62  4:43  Marauder  
  65  4:47  Starport  
  65  4:48  Marine  
  66  4:53  SCV, Factory Reactor  
  66  4:55  SCV, Supply Depot  
  66  4:56  Marine  
  69  5:03  Barracks  
  69  5:04  Barracks  
  69  5:07  SCV  
Show
View Real Time Build Order
Export as new Build Order

Zeal Protoss - Winner!

Build Orders: 1 Gate Expand, Blink Stalkers 

Get SALT Encoding   

  12  0:01  Probe (Chrono Boost)  
  13  0:11  Probe (Chrono Boost)  
  14  0:18  Pylon  
  14  0:22  Probe (Chrono Boost)  
  15  0:36  Probe (Chrono Boost)  
  15  0:37  Gateway  
  16  0:47  Probe (Chrono Boost)  
  16  0:48  Assimilator  
  17  0:58  Probe (Chrono Boost)  
  18  1:08  Probe (Chrono Boost)  
  19  1:19  Probe (Chrono Boost)  
  20  1:25  Nexus  
  20  1:34  Cybernetics Core  
  20  1:36  Probe (Chrono Boost)  
  21  1:40  Assimilator  
  21  1:46  Probe (Chrono Boost)  
  22  1:50  Pylon  
  22  1:57  Probe (Chrono Boost)  
  23  2:11  Mothership Core (Chrono Boost)  
  23  2:12  Adept  
  27  2:19  Warp Gate  
  27  2:29  Probe (Chrono Boost)  
  28  2:39  Probe (Chrono Boost)  
  29  2:46  Probe (Chrono Boost)  
  29  2:47  Robotics Facility  
  29  2:50  Probe (Chrono Boost)  
  31  2:56  Probe (Chrono Boost)  
  32  3:00  Probe (Chrono Boost)  
  32  3:04  Twilight Council  
  33  3:07  Probe (Chrono Boost)  
  33  3:11  Probe (Chrono Boost)  
  35  3:16  Gateway  
  35  3:17  Probe (Chrono Boost), Gateway  
  36  3:21  Probe (Chrono Boost)  
  37  3:28  Probe (Chrono Boost)  
  37  3:30  Blink  
  37  3:33  Probe (Chrono Boost)  
  37  3:34  Observer  
  39  3:38  Pylon  
  39  3:39  Probe (Chrono Boost)  
  41  3:46  Probe (Chrono Boost)  
  42  3:51  Probe (Chrono Boost), Assimilator  
  42  3:52  Immortal  
  43  3:58  Probe (Chrono Boost)  
  48  4:04  Pylon  
  48  4:07  Probe (Chrono Boost)  
  50  4:10  Probe (Chrono Boost)  
  50  4:20  Probe (Chrono Boost)  
  51  4:26  Stalker x3  
  57  4:33  Pylon  
  57  4:35  Nexus  
  59  4:40  Immortal, Probe (Chrono Boost)  
  62  4:52  Sentry  
  64  4:53  Adept x2  
  64  4:57  Pylon  
  70  5:07  Probe x2 (Chrono Boost)  
  70  5:20  Adept x2  
Tags
 
Add a new tag
Caveats
  • Supply blocks, unpowered buildings, or Contaminate may cause inaccurate times.
  • Supply counts are checked every 10 seconds.